HSSL
COWETA HS TIGERS @ OLIVER AMES HS TIGERS
05/28/2023
 
TOP OF THE 1ST
Coweta HS Tigers batting - Pitching for Oliver Ames HS Tigers : RHP George Young
Pitching: RHP George Young
Batting: RHB Matt Vargas 0-0: Ball
1-0: Called Strike
1-1: Swinging Strike
1-2: Ball
2-2: Strikes out swinging
Batting: RHB Ben Johnson 0-0: Ball
1-0: Ball
2-0: Ball
3-0: Base on Balls
Batting: RHB José Cisneros 0-0: Foul Ball, location: 2F
0-1: Ball
1-1: Called Strike
1-2: Ball
2-2: Strikes out swinging
Batting: RHB Pat Fernández 0-0: Fly out, F4 (Popup, 34)
Top of the 1st over - 0 run(s), 0 hit(s), 0 error(s), 1 left on base; Coweta HS 0 - Oliver Ames HS 0
BOTTOM OF THE 1ST
Oliver Ames HS Tigers batting - Pitching for Coweta HS Tigers : RHP Eddie Connors
Pitching: RHP Eddie Connors
Batting: RHB Donovan James 0-0: Swinging Strike
0-1: Called Strike
0-2: Ball
1-2: Strikes out swinging
Batting: RHB James Hunter 0-0: Called Strike
0-1: Ball
1-1: Ground out 5-3 (Groundball, 5)
Batting: RHB Denver Baker 0-0: Called Strike
0-1: Ball
1-1: Ball
2-1: Ball
3-1: Base on Balls
Batting: RHB Earl Frank 0-0: SINGLE (Line Drive, 4MD)
Denver Baker to second
Batting: LHB Eugene Lee 0-0: Ball
1-0: Called Strike
1-1: Ball
2-1: Swinging Strike
2-2: Strikes out swinging
Bottom of the 1st over - 0 run(s), 1 hit(s), 0 error(s), 2 left on base; Coweta HS 0 - Oliver Ames HS 0
TOP OF THE 2ND
Coweta HS Tigers batting - Pitching for Oliver Ames HS Tigers : RHP George Young
Batting: LHB Jim Clemente 0-0: Called Strike
0-1: Ball
1-1: Ball
2-1: SOLO HOME RUN (Flyball, 78XD), Distance : 418 ft
Batting: RHB Héctor Vázquez 0-0: Ball
1-0: Called Strike
1-1: Swinging Strike
1-2: Ground out 5-3 (Groundball, 56)
Batting: RHB Ramiro Javier 0-0: Fly out, F3 (Popup, 3)
Batting: RHB Phil Shaw 0-0: Called Strike
0-1: Foul Ball, location: 2F
0-2: Ball
1-2: Ball
2-2: Ball
3-2: Base on Balls
Batting: RHB Leonard Martínez 0-0: Ball
1-0: Fly out, F9 (Flyball, 89M)
Top of the 2nd over - 1 run(s), 1 hit(s), 0 error(s), 1 left on base; Coweta HS 1 - Oliver Ames HS 0
BOTTOM OF THE 2ND
Oliver Ames HS Tigers batting - Pitching for Coweta HS Tigers : RHP Eddie Connors
Batting: RHB Jimmy King 0-0: Foul Ball, location: 2F
0-1: Ball
1-1: Called Strike
1-2: Strikes out swinging
Batting: RHB Jon Anderson 0-0: Ball
1-0: Ground out 5-3 (Groundball, 56S)
Batting: RHB Rob Brady 0-0: Ball
1-0: Fly out, F7 (Flyball, 78M)
Bottom of the 2nd over - 0 run(s), 0 hit(s), 0 error(s), 0 left on base; Coweta HS 1 - Oliver Ames HS 0
TOP OF THE 3RD
Coweta HS Tigers batting - Pitching for Oliver Ames HS Tigers : RHP George Young
Batting: RHB Matt Vargas 0-0: SINGLE (Line Drive, 6MD)
Batting: RHB Ben Johnson 0-0: Called Strike
0-1: Ball
1-1: Grounds into double play, 4-6-3 (Groundball, 34)
Batting: RHB José Cisneros 0-0: Fly out, F9 (Flyball, 89M)
Top of the 3rd over - 0 run(s), 1 hit(s), 0 error(s), 0 left on base; Coweta HS 1 - Oliver Ames HS 0
BOTTOM OF THE 3RD
Oliver Ames HS Tigers batting - Pitching for Coweta HS Tigers : RHP Eddie Connors
Batting: RHB Adrián López 0-0: Ground out 6-3 (Groundball, 6M)
Batting: RHB Donovan James 0-0: Ball
1-0: Swinging Strike
1-1: Swinging Strike
1-2: Ball
2-2: Ball
3-2: Reached on error, E5 (Groundball, 56S)
Batting: RHB James Hunter 0-0: Grounds into double play, 5-4-3 (Groundball, 5)
Bottom of the 3rd over - 0 run(s), 0 hit(s), 1 error(s), 0 left on base; Coweta HS 1 - Oliver Ames HS 0
TOP OF THE 4TH
Coweta HS Tigers batting - Pitching for Oliver Ames HS Tigers : RHP George Young
Batting: RHB Pat Fernández 0-0: Ground out 6-3 (Groundball, 4MS)
Batting: LHB Jim Clemente 0-0: Called Strike
0-1: Ball
1-1: Foul Ball, location: 2F
1-2: SOLO HOME RUN (Flyball, 9LD), Distance : 369 ft
Batting: RHB Héctor Vázquez 0-0: Ball
1-0: Called Strike
1-1: Ball
2-1: Called Strike
2-2: Foul Ball, location: 2F
2-2: Foul Ball, location: 2F
2-2: Ball
3-2: Foul Ball, location: 2F
3-2: Foul Ball, location: 2F
3-2: Reached on error, E5 (Groundball, 5)
Batting: RHB Ramiro Javier 0-0: Ball
1-0: Ball
2-0: Ball
3-0: Called Strike
3-1: Base on Balls
Héctor Vázquez to second
Batting: RHB Phil Shaw 0-0: Ball
1-0: Foul Ball, location: 2F
1-1: Ball
2-1: Called Strike
2-2: Foul Ball, location: 2F
2-2: Ball
3-2: Base on Balls
Héctor Vázquez to third
Ramiro Javier to second
Batting: RHB Leonard Martínez 0-0: Called Strike
0-1: Ball
1-1: Foul Ball, location: 2F
1-2: Ball
2-2: Foul Ball, location: 2F
2-2: Ball
3-2: Base on Balls
Héctor Vázquez scores
Ramiro Javier to third
Phil Shaw to second
Batting: RHB Matt Vargas 0-0: Called Strike
0-1: Foul Ball, location: 2F
0-2: Ball
1-2: Ball
2-2: Foul Ball, location: 2F
2-2: Foul Ball, location: 2F
2-2: Ball
3-2: Base on Balls
Ramiro Javier scores
Phil Shaw to third
Leonard Martínez to second
Batting: RHB Ben Johnson 0-0: Ball
1-0: Ball
2-0: SINGLE (Groundball, 34D)
Phil Shaw scores
Leonard Martínez to third
Matt Vargas to second
Runner from 3rd tries for Home, SAFE, throw made home
Matt Vargas to third
Ben Johnson to second
Pitching: RHP Robert King
Batting: RHB José Cisneros 0-0: Ball
1-0: Ball
2-0: Called Strike
2-1: Ball
3-1: Foul Ball, location: 2F
3-2: Base on Balls
Batting: RHB Pat Fernández 0-0: Ball
1-0: Ball
2-0: Called Strike
2-1: Ball
3-1: Grounds into double play, 3-6-1 (Groundball, 3)
Top of the 4th over - 5 run(s), 2 hit(s), 1 error(s), 2 left on base; Coweta HS 6 - Oliver Ames HS 0
BOTTOM OF THE 4TH
Oliver Ames HS Tigers batting - Pitching for Coweta HS Tigers : RHP Eddie Connors
Batting: RHB Denver Baker 0-0: Swinging Strike
0-1: Called Strike
0-2: Strikes out swinging
Batting: RHB Earl Frank 0-0: Fly out, F4 (Popup, 3)
Batting: LHB Eugene Lee 0-0: Called Strike
0-1: SINGLE (Line Drive, 34D)
Batting: RHB Jimmy King 0-0: Ball
1-0: Called Strike
1-1: Ball
2-1: Foul Ball, location: 2F
2-2: SINGLE (Groundball, 6)
Eugene Lee to second
Batting: RHB Jon Anderson 0-0: Ball
1-0: Called Strike
1-1: Called Strike
1-2: Ball
2-2: Ball
3-2: Base on Balls
Eugene Lee to third
Jimmy King to second
Batting: RHB Rob Brady 0-0: Ball
1-0: Ball
2-0: Ball
3-0: Called Strike
3-1: Called Strike
3-2: Foul Ball, location: 2F
3-2: Base on Balls
Eugene Lee scores
Jimmy King to third
Jon Anderson to second
Batting: RHB Adrián López 0-0: Ball
1-0: Ball
2-0: Ball
3-0: Called Strike
3-1: SINGLE (Line Drive, 6MD)
Jimmy King scores
Jon Anderson to third
Rob Brady to second
Runner from 3rd tries for Home, SAFE, throw made home
Rob Brady to third
Adrián López to second
Batting: RHB Donovan James 0-0: Swinging Strike
0-1: Foul Ball, location: 2F
0-2: Hit by Pitch
Batting: RHB James Hunter 0-0: Swinging Strike
0-1: Foul Ball, location: 2F
0-2: Strikes out swinging
Bottom of the 4th over - 3 run(s), 3 hit(s), 0 error(s), 3 left on base; Coweta HS 6 - Oliver Ames HS 3
TOP OF THE 5TH
Coweta HS Tigers batting - Pitching for Oliver Ames HS Tigers : RHP Robert King
Batting: LHB Jim Clemente 0-0: Foul Ball, location: 2F
0-1: Ball
1-1: Ball
2-1: Ball
3-1: Base on Balls
Batting: RHB Héctor Vázquez 0-0: Swinging Strike
0-1: Foul Ball, location: 2F
0-2: Ball
1-2: Strikes out swinging
Batting: RHB Ramiro Javier 0-0: Called Strike
0-1: Fly out, F4 (Popup, 4D)
Batting: RHB Phil Shaw Balk!
Jim Clemente to second
0-0: Called Strike
0-1: Ball
1-1: Swinging Strike
1-2: Strikes out looking
Top of the 5th over - 0 run(s), 0 hit(s), 0 error(s), 1 left on base; Coweta HS 6 - Oliver Ames HS 3
BOTTOM OF THE 5TH
Oliver Ames HS Tigers batting - Pitching for Coweta HS Tigers : RHP Eddie Connors
Batting: RHB Denver Baker 0-0: Ball
1-0: Ball
2-0: Ball
3-0: Base on Balls
Batting: RHB Earl Frank 0-0: Foul Ball, location: 2F
0-1: Foul Ball, location: 2F
0-2: Ball
1-2: Strikes out swinging
Batting: LHB Eugene Lee 0-0: Ball
1-0: Ball
2-0: Called Strike
2-1: Foul Ball, location: 2F
2-2: Foul Ball, location: 2F
2-2: Strikes out swinging
Pitching: RHP Paul Orr
Batting: RHB Jimmy King 0-0: Swinging Strike
0-1: SINGLE (Groundball, 56D)
Denver Baker to second
Batting: RHB Jon Anderson 0-0: Called Strike
0-1: Ground out 5-3 (Groundball, 56S)
Bottom of the 5th over - 0 run(s), 1 hit(s), 0 error(s), 2 left on base; Coweta HS 6 - Oliver Ames HS 3
TOP OF THE 6TH
Coweta HS Tigers batting - Pitching for Oliver Ames HS Tigers : RHP Robert King
Batting: RHB Leonard Martínez 0-0: Called Strike
0-1: Called Strike
0-2: Foul Ball, location: 2F
0-2: Strikes out swinging
Batting: RHB Matt Vargas 0-0: Swinging Strike
0-1: Swinging Strike
0-2: Ball
1-2: Strikes out swinging
Batting: RHB Ben Johnson 0-0: Foul Ball, location: 2F
0-1: Foul Ball, location: 2F
0-2: Ball
1-2: Ball
2-2: Foul Ball, location: 2F
2-2: Foul Ball, location: 2F
2-2: Hit by Pitch
Batting: RHB José Cisneros 0-0: Ball
1-0: Foul Ball, location: 2F
1-1: Ball
2-1: Foul Ball, location: 2F
2-2: Foul Ball, location: 2F
2-2: Fly out, F9 (Flyball, 9M)
Top of the 6th over - 0 run(s), 0 hit(s), 0 error(s), 1 left on base; Coweta HS 6 - Oliver Ames HS 3
BOTTOM OF THE 6TH
Oliver Ames HS Tigers batting - Pitching for Coweta HS Tigers : RHP Paul Orr
Batting: RHB Rob Brady 0-0: Ball
1-0: Ball
2-0: Ball
3-0: Called Strike
3-1: Base on Balls
Batting: RHB Adrián López 0-0: Ball
1-0: Ball
Wild Pitch!
Rob Brady to second
2-0: Called Strike
2-1: 2-RUN HOME RUN (Flyball, 78XD), Distance : 415 ft
Batting: RHB Donovan James 0-0: Ball
1-0: Foul Ball, location: 2F
1-1: Ball
2-1: Fly out, F8 (Flyball, 89M)
Batting: RHB James Hunter 0-0: Ball
1-0: SINGLE (Line Drive, 56D)
Batting: RHB Denver Baker 0-0: Called Strike
0-1: Foul Ball, location: 2F
0-2: Strikes out swinging
Batting: RHB Earl Frank 0-0: Ball
1-0: Ball
2-0: Fly out, F9 (Flyball, 89M)
Bottom of the 6th over - 2 run(s), 2 hit(s), 0 error(s), 1 left on base; Coweta HS 6 - Oliver Ames HS 5
TOP OF THE 7TH
Coweta HS Tigers batting - Pitching for Oliver Ames HS Tigers : RHP Robert King
Pitching: RHP Jeff Hudson
Batting: RHB Pat Fernández 0-0: Called Strike
0-1: Called Strike
0-2: Strikes out looking
Batting: LHB Jim Clemente 0-0: Foul Ball, location: 2F
0-1: Ball
1-1: Ball
2-1: Called Strike
2-2: Strikes out looking
Batting: RHB Héctor Vázquez 0-0: Called Strike
0-1: Called Strike
0-2: Ball
1-2: Strikes out swinging
Top of the 7th over - 0 run(s), 0 hit(s), 0 error(s), 0 left on base; Coweta HS 6 - Oliver Ames HS 5
BOTTOM OF THE 7TH
Oliver Ames HS Tigers batting - Pitching for Coweta HS Tigers : RHP Paul Orr
Batting: LHB Eugene Lee 0-0: Fly out, F4 (Popup, 4D)
Batting: RHB Jimmy King 0-0: SOLO HOME RUN (Flyball, 78XD), Distance : 423 ft
Batting: RHB Jon Anderson 0-0: Called Strike
0-1: Ball
1-1: Called Strike
1-2: Strikes out looking
Batting: RHB Rob Brady 0-0: Called Strike
0-1: Swinging Strike
0-2: Ball
1-2: Foul Ball, location: 2F
1-2: Foul Ball, location: 2F
1-2: Foul Ball, location: 2F
1-2: Strikes out looking
Bottom of the 7th over - 1 run(s), 1 hit(s), 0 error(s), 0 left on base; Coweta HS 6 - Oliver Ames HS 6
TOP OF THE 8TH
Coweta HS Tigers batting - Pitching for Oliver Ames HS Tigers : RHP Jeff Hudson
Batting: RHB Ramiro Javier 0-0: Ball
1-0: DOUBLE (Line Drive, 7LS)
Batting: RHB Phil Shaw 0-0: Swinging Strike
0-1: Called Strike
0-2: Strikes out swinging
Batting: RHB Leonard Martínez 0-0: Ball
1-0: Ground out 6-3 (Groundball, 6M)
Ramiro Javier to third
Batting: RHB Matt Vargas 0-0: Ball
1-0: Ball
2-0: Fly out, F6 (Popup, 7S)
Top of the 8th over - 0 run(s), 1 hit(s), 0 error(s), 1 left on base; Coweta HS 6 - Oliver Ames HS 6
BOTTOM OF THE 8TH
Oliver Ames HS Tigers batting - Pitching for Coweta HS Tigers : RHP Paul Orr
Pitching: RHP Will Whittier
Batting: RHB Adrián López 0-0: SINGLE (Groundball, 6D)
Batting: RHB Donovan James 0-0: Sac Bunt - play at first, batter OUT! 1-4
Adrián López to second
Batting: RHB James Hunter 0-0: Ball
1-0: Foul Ball, location: 2F
1-1: Ball
2-1: Foul Ball, location: 2F
2-2: Strikes out swinging
Batting: RHB Denver Baker 0-0: Ball
1-0: Called Strike
1-1: Ball
2-1: Called Strike
2-2: Ball
3-2: Foul Ball, location: 2F
3-2: Ground out 2-3 (Groundball, 2L)
Bottom of the 8th over - 0 run(s), 1 hit(s), 0 error(s), 1 left on base; Coweta HS 6 - Oliver Ames HS 6
TOP OF THE 9TH
Coweta HS Tigers batting - Pitching for Oliver Ames HS Tigers : RHP Jeff Hudson
Pitching: RHP Miguel Padilla
Batting: RHB Ben Johnson 0-0: SINGLE (Line Drive, 34D)
Batting: RHB José Cisneros 0-0: Ball
1-0: Ground out 3-1 (Groundball, 34S)
Ben Johnson to second
Batting: RHB Pat Fernández 0-0: Called Strike
0-1: Ball
1-1: Ball
2-1: Ground out 3-1 (Groundball, 34)
Ben Johnson to third
Batting: LHB Jim Clemente 0-0: Swinging Strike
0-1: Ball
1-1: Ball
2-1: Ball
3-1: Base on Balls
Batting: RHB Héctor Vázquez 0-0: Swinging Strike
0-1: Foul Ball, location: 2F
0-2: Ground out 5-3 (Groundball, 5L)
Top of the 9th over - 0 run(s), 1 hit(s), 0 error(s), 2 left on base; Coweta HS 6 - Oliver Ames HS 6
BOTTOM OF THE 9TH
Oliver Ames HS Tigers batting - Pitching for Coweta HS Tigers : RHP Will Whittier
Pitching: RHP Lawrence Bolton
Batting: RHB Earl Frank 0-0: Ball
1-0: Ball
2-0: Ball
3-0: Base on Balls
Batting: LHB Eugene Lee 0-0: SINGLE (Groundball, 6MD)
Earl Frank to second
Batting: RHB Jimmy King 0-0: Ball
Wild Pitch!
Earl Frank to third
Eugene Lee to second
1-0: Intentional Walk
Batting: RHB Jon Anderson 0-0: Ball
1-0: Foul Ball, location: 2F
1-1: Foul Ball, location: 2F
1-2: Foul Ball, location: 2F
1-2: Foul Ball, location: 2F
1-2: Strikes out looking
Batting: RHB Rob Brady 0-0: Ball
1-0: Called Strike
1-1: Swinging Strike
1-2: Ball
2-2: Ball
3-2: Base on Balls
Earl Frank scores
Eugene Lee to third
Jimmy King to second
This league is powered by Out of the Park Baseball, the baseball management simulation game for PC, Mac and Linux
Wednesday, December 2nd, 2015 - OOTP Baseball 16.8 Build 38